 Dungeon Crawl Stone Soup version 0.30-a0-1094-g860fb061e7 (webtiles) character file.

Game seed: 6819116645725802997

112 juan097 the Chopper (level 4, -1/61 HPs)
             Began as a Hill Orc Berserker on Apr 17, 2023.
             Was a Believer of Trog.
             Splashed by a jelly's acid (7 damage)
             ... on level 4 of the Dungeon.
             The game lasted 00:03:47 (1993 turns).

juan097 the Chopper (Hill Orc Berserker)            Turns: 1993, Time: 00:03:48

Health: -1/61      AC:  3    Str: 21    XL:     4   Next: 93%
Magic:  4/4        EV: 11    Int:  7    God:    Trog [**....]
Gold:   142        SH:  0    Dex: 10    Spells: 3/3 levels left

rFire   . . .      SeeInvis .    a - +0 hand axe
rCold   . . .      Faith    .    (no shield)
rNeg    . . .      Spirit   .    h - +0 ring mail
rPois   .          Reflect  .    (no helmet)
rElec   .          Rampage  .    (no cloak)
rCorr   .                        i - +0 pair of gloves
Will    .....                    p - +0 pair of boots Stlth
                                 (no amulet)
HPRegen 0.30/turn                (no ring)
MPRegen 0.09/turn                (no ring)

@: berserking, corroded, very quick
A: no striking features
a: Renounce Religion, Berserk, Trog's Hand


You were on level 4 of the Dungeon.
You worshipped Trog.
Trog was pleased with you.
You visited 1 branch of the dungeon, and saw 4 of its levels.

You collected 142 gold pieces.

Inventory:

Hand Weapons
 a - a +0 hand axe (weapon)
Missiles
 b - 4 poisoned darts (quivered)
Armour
 h - a +0 ring mail (worn)
 i - a +0 pair of gloves (worn)
 p - a +0 pair of boots (worn)
Scrolls
 e - a scroll of vulnerability {unknown}
 f - a scroll of torment {unknown}
 k - a scroll of teleportation {unknown}
 l - a scroll of identify {unknown}
 m - a scroll of poison {unknown}
 r - a scroll of blinking {unknown}
Potions
 c - a potion of heal wounds {unknown}
 d - 2 potions of curing {unknown}
 g - a potion of haste {unknown}
 j - a potion of flight {unknown}
 n - a potion of mutation {unknown}
 o - a potion of degeneration {unknown}
 q - a potion of might {unknown}


   Skills:
 + Level 4.7 Fighting
 + Level 5.3 Axes
 - Level 2.1 Armour
 - Level 1.5 Dodging
 + Level 2.1 Stealth


You had 3 spell levels left.
You didn't know any spells.
Your spell library was empty.

Dungeon Overview and Level Annotations

Branches:
Dungeon (4/15)
 Temple: D:4-7

Altars:
Makhleb
Vehumet
Yredelemnul

Shops:
D:1 *

Annotations:
D:3 exclusion: statue
D:4 Eustachio, Robin


Message History

The jelly hits you.
You are splashed with acid!
You hit the jelly.
Your hands burn!
The jelly is severely wounded.
The jelly hits you but does no damage. x2
You completely miss the jelly.
The jelly is severely wounded.
The jelly barely misses you.
You hit the jelly.
Your hands burn!
The jelly is severely wounded.
The jelly hits you but does no damage.
You are too injured to fight recklessly!
You are too injured to fight recklessly!
You are too injured to fight recklessly!
You are too injured to fight recklessly!
You are too injured to fight recklessly!
You are too injured to fight recklessly!
You are too injured to fight recklessly!
You are too injured to fight recklessly!
You are too injured to fight recklessly!
You are too injured to fight recklessly!
You are too injured to fight recklessly!
You are too injured to fight recklessly!
You are too injured to fight recklessly!
You are too injured to fight recklessly!
You are too injured to fight recklessly!
You are too injured to fight recklessly!
You are too injured to fight recklessly!
You are too injured to fight recklessly!
You are too injured to fight recklessly!
You hit the jelly but do no damage.
Your hands burn!
The jelly is severely wounded.
The jelly hits you.
* * * LOW HITPOINT WARNING * * *
You are splashed with acid!
* * * LOW HITPOINT WARNING * * *
A red film seems to cover your vision as you go berserk!
You feel yourself moving faster!
You feel mighty! The jelly hits you.
* * * LOW HITPOINT WARNING * * *
You are splashed with acid!
You die...

#)############J## #
#.#.........#...#...
#.)....J.g..#.8...8.
###.#######.....#
#.# ####.## #.# .#
#g# .. #J# .. #@# ##
###


You could see a jelly and a goblin.

Vanquished Creatures
  Natasha (D:2)
  A hound zombie (D:3)
  3 worms
  2 dart slugs
  3 bats
  3 endoplasms
  4 giant cockroaches
  6 goblins
  11 hobgoblins
  10 ball pythons
  A frilled lizard (D:1)
  7 kobolds
  A quokka zombie (D:3)
  4 rats
57 creatures vanquished.

Notes
Turn   | Place    | Note
-------+----------+-------------------------------------------
     0 | D:1      | juan097 the Hill Orc Berserker began the quest for the Orb.
     0 | D:1      | Reached XP level 1. HP: 19/19 MP: 1/1
   131 | D:1      | Found Xyharujicel's General Store.
   140 | D:1      | Reached XP level 2. HP: 27/27 MP: 2/2
   426 | D:1      | Reached skill level 1 in Stealth
   510 | D:1      | Reached XP level 3. HP: 33/33 MP: 3/3
   676 | D:2      | Found a basalt altar of Yredelemnul.
   722 | D:2      | Found a faded altar of an unknown god.
   723 | D:2      | Reached ** piety under Trog
  1125 | D:2      | Noticed Natasha
  1134 | D:2      | Killed Natasha
  1135 | D:2      | Reached skill level 5 in Axes
  1135 | D:2      | Reached XP level 4. HP: 37/41 MP: 4/4
  1381 | D:3      | Found a radiant altar of Vehumet.
  1381 | D:3      | Noticed a charred statue
  1473 | D:3      | Found a basalt altar of Yredelemnul.
  1682 | D:4      | Found a burning altar of Makhleb.
  1682 | D:4      | Noticed a green death
  1685 | D:4      | Noticed a ynoxinul
  1685 | D:4      | Noticed a ynoxinul
  1725 | D:4      | Noticed Eustachio
  1870 | D:4      | Noticed Robin
  1958 | D:4      | Noticed a phantom
  1993 | D:4      | Splashed by a jelly's acid

Illustrated notes

Levels and vault maps discovered:
D:1:      dpeg_arrival_ternary, layout_basic, serial_shops, shop, serial_glass,
          glass_columns_a, glass_columns_c
D:2:      layout_loops_ring, basic_altar, hellmonk_ecumenical_altar_run_dry,
          kennysheep_big_empty_room, minmay_misc_feat_encased, uniq_natasha
D:3:      layout_basic, lemuel_zombie_altar_yredelemnul, vehumet_statue,
          minmay_misc_feat_iff
D:4:      layout_basic, makhleb_altar_promises_db, minmay_temple_entry_slanted,
          minmay_misc_feat_four_crosses, uniq_edmund, uniq_eustachio,
          uniq_robin, uniq_blork_the_orc

Skill      XL: |  1  2  3  4 |
---------------+-------------+-----
Fighting       | 4 |  4.7
Stealth        | 1 2 |  2.1
Axes           | 5 |  5.3
Armour         | |  2.1
Dodging        | |  1.5

Action                     |  1- 3 |  4- 6 || total
---------------------------+-------+-------++-------
  Melee: Hand axe          |   112 |    99 ||   211
         Punch             |       |     2 ||     2
  Throw: Dart              |       |     1 ||     1
 Invoke: Berserk           |       |     1 ||     1
 Armour: Animal skin       |     3 |       ||     3
         Ring mail         |    36 |    58 ||    94
  Dodge: Dodged            |    71 |    63 ||   134

Table legend: (Time is in decaauts)
 A = Elapsed time spent in this place.
 B = Non-inter-level travel time spent in this place.
 C = Inter-level travel time spent in this place.
 D = Time resting spent in this place.
 E = Time spent auto-exploring this place.
 F = Levels seen in this place.
 G = Mean time per level.
                   A        B        C        D        E       F      G
               +--------+--------+--------+--------+--------+-----+--------+
         Total |   2005 |   1900 |    105 |      0 |   1393 |   4 |  501.2 |
       Dungeon |   2005 |   1900 |    105 |      0 |   1393 |   4 |  501.2 |
               +--------+--------+--------+--------+--------+-----+--------+

Top non-repeatable levels by time:
     D:2: 669 daAuts
     D:1: 650 daAuts
     D:3: 397 daAuts
     D:4: 287 daAuts
